 Dungeon Sprint DCSS version 0.27.1-33-g824d729ab1 (webtiles) character file.

Game seed: 17634507094015075372

289 Adenis the Unseen (level 6, -12/48 HPs)
             Began as a Vampire Brigand on Dec 3, 2021.
             Mangled by a slime creature (16 damage)
             ... in the Dungeon (Sprint I: "Red Sonja").
             The game lasted 00:01:57 (189 turns).

Adenis the Unseen (Vampire Brigand)                  Turns: 189, Time: 00:01:58

Health: -12/48     AC:  3    Str: 10    XL:     6   Next: 9%
Magic:  6/6        EV: 12    Int: 13    God:
Gold:   177        SH:  0    Dex: 18    Spells: 5/5 levels left

rFire    . . .     SeeInvis +   a - +2 dagger
rCold    . . .     Faith    .   (no shield)
rNeg     . . .     Spirit   .   b - +0 robe
rPois    .         Reflect  .   (no helmet)
rElec    .         Harm     .   c - +0 cloak
rCorr    .         Rampage  .   (no gloves)
Will     .....     NoTele   +   (no boots)
Stlth    ++++++....             (no amulet)
HPRegen  0.36/turn              (no ring)
MPRegen  0.10/turn              (no ring)

@: healing quickly
A: alive, fangs 3, see invisible, vampiric 2
a: Exsanguinate


You were in the Dungeon.
You visited 1 branch You collected 177 gold pieces.

Inventory:

Hand Weapons
 a - a +2 dagger (weapon)
Missiles
 d - 8 poisoned darts (quivered)
 e - 2 curare-tipped darts
Armour
 b - a +0 robe (worn)
 c - a +0 cloak (worn)
Wands
 l - a wand of flame (16)
Scrolls
 k - a scroll of blinking
Potions
 f - a potion of curing
 g - a potion of heal wounds
 h - a potion of haste
 i - 2 potions of magic
 j - a potion of berserk rage


   Skills:
 + Level 4.0 Fighting
 + Level 5.6 Short Blades
 + Level 3.2 Throwing
 + Level 2.0 Dodging
 + Level 15.9 Stealth


You had 5 spell levels left.
You didn't know any spells.
Your spell library was empty.

Dungeon Overview and Level Annotations

Branches:
Dungeon (1/1)

Altars:
Makhleb
Sif Muna
Vehumet
Wu Jian
Xom
Jiyva
Lugonu


Innate Abilities, Weirdness & Mutations

Your natural rate of healing is accelerated.
You have razor-sharp teeth.
You have supernaturally acute eyesight. (SInv)
You are afflicted with vampirism and can become a bat while bloodless.


Message History

The slime creature misses you.
You hit the slime creature.
The slime creature is moderately wounded.
You barely miss the slime creature.
The slime creature is moderately wounded.
The slime creature hits you but does no damage.
You hit the slime creature.
The slime creature is moderately wounded.
The slime creature completely misses you.
You hit the slime creature.
The slime creature is heavily wounded.
You hit the slime creature. You bite the slime creature.
The slime creature is heavily wounded.
The slime creature hits you!
* * * LOW HITPOINT WARNING * * *
You hit the slime creature.
The slime creature is severely wounded.
The slime creature closely misses you.
You hit the slime creature.
The slime creature is severely wounded.
You barely miss the slime creature.
The slime creature is severely wounded.
The slime creature hits you!
* * * LOW HITPOINT WARNING * * *
You hit the slime creature.
The slime creature is severely wounded.
The slime creature barely misses you.
You hit the slime creature.
The slime creature is severely wounded.
The slime creature misses you.
You hit the slime creature.
You bite the slime creature, but do no damage.
The slime creature is severely wounded.
You hit the slime creature.
You bite the slime creature, but do no damage.
The slime creature is severely wounded.
The slime creature hits you.
* * * LOW HITPOINT WARNING * * *
The slime creature hits you!
You die...

###################
#<.#.)'..#..'.@#__#
#..'..#.)').#..J^.+
#..#####'#####'#__#
#..# #..# #(####
#..# #### ##.# #..#
#+#_.+ #⌠⌠# +..._#
#### #_.#+# ##+#


You could see a slime creature.

Vanquished Creatures
  Sigmund (D)
  An ogre (D)
  A jelly (D)
  Ijyb (D)
4 creatures vanquished.

Notes
Turn   | Place    | Note
-------+----------+-------------------------------------------
     0 | D        | Adenis the Vampire Brigand began the quest for the Orb.
     0 | D        | Reached XP level 1. HP: 16/16 MP: 1/1
     2 | D        | Noticed Ijyb
     6 | D        | Killed Ijyb
     7 | D        | Reached skill level 9 in Stealth
     7 | D        | Reached XP level 2. HP: 23/23 MP: 2/2
     9 | D        | Noticed an ogre
    13 | D        | Killed an ogre
    14 | D        | Reached skill level 12 in Stealth
    14 | D        | Gained mutation: You are afflicted with vampirism and can
                  | become a bat while bloodless. [Vampire growth]
    14 | D        | Reached XP level 3. HP: 29/29 MP: 3/3
    14 | D        | Reached XP level 4. HP: 35/35 MP: 4/4
    34 | D        | Noticed Sigmund
    51 | D        | Killed Sigmund
    52 | D        | Reached skill level 5 in Short Blades
    52 | D        | Reached skill level 15 in Stealth
    52 | D        | Reached XP level 5. HP: 16/42 MP: 5/5
   139 | D        | Found an ornate altar of the Wu Jian Council.
   139 | D        | Found a shimmering blue altar of Sif Muna.
   141 | D        | Found a radiant altar of Vehumet.
   148 | D        | Reached XP level 6. HP: 48/48 MP: 6/6
   170 | D        | Found a burning altar of Makhleb.
   170 | D        | Found a viscous altar of Jiyva.
   170 | D        | Found a shimmering altar of Xom.
   170 | D        | Found a corrupted altar of Lugonu.
   170 | D        | Noticed a slime creature
   189 | D        | Mangled by a slime creature

Illustrated notes

Levels and vault maps discovered:
D:        dungeon_sprint_1 [red_sonja_temple_1, red_sonja_temple_small_1]

Skill      XL: |  1  2  3  4  5 |
---------------+----------------+-----
Fighting       | 2 3 4 |  4.0
Short Blades   | 3 4 5 |  5.6
Throwing       | 2 3 |  3.2
Stealth        | 9 12 15 | 15.9
Dodging        | 2 |  2.0

Action                   |  1- 3 |  4- 6 || total
-------------------------+-------+-------++-------
Melee: Dagger            |     2 |    33 ||    35
       Bite              |       |     5 ||     5
 Stab: Sleeping          |     2 |     1 ||     3
Armor: Robe              |       |     1 ||     1
Dodge: Dodged            |       |    10 ||    10
